 Dungeon Crawl Stone Soup version bcrawl-1.37.2 (webtiles) character file.

Game seed: 12842292700808094061

149230 Mehrunes the Magician (level 8, -1/52 HPs)
             Began as a Mummy Fire Elementalist on Nov 7, 2022.
             Was a Believer of Sif Muna.
             Slain by a bullfrog (4 damage)
             ... on level 6 of the Dungeon.
             The game lasted 00:19:05 (7838 turns).

Mehrunes the Magician (Mummy Fire Elementalist)     Turns: 7838, Time: 00:19:06

Health: -1/52      AC:  5    Str: 12    XL:     8   Next: 8%
Magic:  0/18       EV: 10    Int: 16    God:    Sif Muna [**....]
Gold:   324        SH:  0    Dex: 12    Spells: 12/20 levels left

rFire    + . .     GDR:     24% m - +0 dagger (elec)
rCold    . . .     SeeInvis .   (no shield)
rNeg     + + +     Gourm    .   o - +0 ring mail
rPois    ∞         Faith    .   (no helmet)
rElec    .         Spirit   +   (no cloak)
rCorr    .         Reflect  .   (no gloves)
MR       .....     Clarity  +   (no boots)
Stlth    ..........             g - amulet of guardian spirit
HPRegen  0.18/turn              k - ring of fire
MPRegen  0.16/turn              v - ring "Jiycexko" {+Fly rF+ MR- Stlth--}

@: about to teleport, very slightly contaminated
A: no food or potions, fire vulnerability, clarity, cold resistance 1, negative
energy resistance 3, torment resistance, unbreathing, strong hexes 1
a: Divine Energy, Renounce Religion, Evoke Flight


You were on level 6 of the Dungeon.
You worshipped Sif Muna.
Sif Muna was pleased with you.
You were not hungry.

You visited 1 branch of the dungeon, and saw 6 of its levels.

You collected 324 gold pieces.

Inventory:

Hand Weapons
 b - a +0 dagger
 m - a +0 dagger of electrocution (weapon)
 n - a +2 hunting sling of freezing
Missiles
 d - 703 stones (quivered)
 h - 438 sling bullets
Armour
 a - a +0 robe
 o - a +0 ring mail (worn)
Jewellery
 g - an amulet of guardian spirit (around neck)
 k - a ring of fire (left hand)
 v - the ring "Jiycexko" (right hand) {+Fly rF+ MR- Stlth--}
   (You found it on level 6 of the Dungeon)

   [ring of attention]

   It protects you from fire.
   It affects your resistance to hostile enchantments.
   It lets you fly.
   It makes you much less stealthy.
Wands
 c - a wand of flame (3)
 l - a wand of polymorph (6)
Scrolls
 e - a scroll of magic mapping
 f - a scroll of remove curse
 p - a scroll of amnesia {unknown}
 q - a scroll of noise {unknown}
 r - a scroll of fear {unknown}
 t - a scroll of immolation {unknown}
 u - a scroll of enchant weapon {unknown}


   Skills:
 - Level 1.5 Dodging
 - Level 2.1 Stealth
 + Level 6.9 Spellcasting
 + Level 4.3 Conjurations
 + Level 5.0 Fire Magic
 + Level 1.8 Invocations


You had 12 spell levels left.
You knew the following spells:

 Your Spells              Type           Power        Failure   Level  Hunger
a - Flame Tongue          Conj/Fire      ####.        4%          1    N/A
b - Conjure Flame         Conj/Fire      ####....     13%         3    N/A
c - Sticky Flame          Conj/Fire      ####....     38%         4    N/A

Your spell library contained the following spells:

 Spells                   Type           Power        Failure   Level  Hunger
 Flaming Arrows           Chrm/Fire      ###.....     16%         2    N/A
 Summon Small Mammal      Summ           #...         28%         1    N/A
 Inner Flame              Hex/Fire       N/A          30%         3    N/A
 Ensorcelled Hibernation  Hex/Ice        #.....       41%         2    N/A
 Fireball                 Conj/Fire      ####......   75%         5    N/A
 Summon Scorpions         Summ/Pois      #.......     96%         4    N/A
 Summon Forest            Summ/Tloc      #.........   100%        5    N/A
 Darkness                 Hex            #.........   100%        6    N/A

Dungeon Overview and Level Annotations

Branches:
Dungeon (6/12)
 Temple: D:4-7

Altars:
Dithmenos
Sif Muna
Trog
Uskayaw
Wu Jian

Annotations:
D:2 exclusion: downstairs
D:3 1 exclusion
D:4 exclusion: downstairs


Innate Abilities, Weirdness & Mutations

You do not eat or drink.
Your flesh is vulnerable to fire.
You are immune to poison.
You possess an exceptional clarity of mind.
Your flesh is cold resistant. (rC+)
You are immune to negative energy. (rN+++)
You are immune to unholy pain and torment.
You can survive without breathing.
Your hexes are more powerful.


Message History

The bullfrog misses you. The bullfrog hits you!
* * * LOW HITPOINT WARNING * * *
Evoke which item? (* to show all) (? for menu, Esc to quit)
Aiming: Throw Flame
Press: ? - help, Shift-Dir - straight line, f - bullfrog
Aim: a bullfrog (lightly wounded)
The puff of flame hits the bullfrog!
The bullfrog is moderately wounded.
The bullfrog hits you.
* * * LOW HITPOINT WARNING * * *
As you read the scroll labeled DUHAKAICL LILO, it crumbles to dust.
You feel strangely unstable.
It was a scroll of teleportation.
The bullfrog hits you but does no damage.
The bullfrog hits you.
* * * LOW HITPOINT WARNING * * *
The bullfrog barely misses you.
You see here an adder skeleton.
The jackal stops to sniff the ground.
The bullfrog hits you.
You die...

#.# #....#...#
#..##........##
#.%#######....#
#...### #....# .#
#.....####....#...#
#......h...........
###########.#######
##.##...###.#
........@Fh.#
#.##...##### ##.##
#.# #.# ##'##
##...## #..<..#
#.........#


You could see a bullfrog and a jackal.

Vanquished Creatures
  A troll (D:4)
  3 ogres
  A scorpion (D:5)
  2 crimson imps
  2 jellies
  3 hounds
  A bullfrog skeleton (D:4)
  3 orc wizards (D:5)
  Ijyb (D:4)
  An iguana (D:4)
  A killer bee zombie (D:6)
  A worker ant zombie (D:5)
  3 adders
  A shadow imp (D:5)
  3 oozes
  4 worms
  2 dart slugs (D:1)
  A leopard gecko (D:1)
  8 orcs
  2 giant cockroaches
  4 goblins
  11 hobgoblins
  17 jackals
  6 kobolds
  2 quokkas (D:4)
  3 bats
  A frilled lizard (D:1)
  4 rats
  A butterfly (D:6)
93 creatures vanquished.

Notes
Turn   | Place    | Note
-------+----------+-------------------------------------------
     0 | D:1      | Mehrunes the Mummy Fire Elementalist began the quest for
                  | the Orb.
     0 | D:1      | Reached XP level 1. HP: 13/13 MP: 4/4
    69 | D:1      | Reached skill level 1 in Conjurations
   115 | D:1      | Reached skill level 3 in Spellcasting
   150 | D:1      | Reached XP level 2. HP: 15/19 MP: 0/6
   626 | D:1      | Reached XP level 3. HP: 23/24 MP: 3/7
  1174 | D:2      | Learned a level 3 spell: Conjure Flame
  1279 | D:2      | Found a shimmering blue altar of Sif Muna.
  1282 | D:2      | Became a worshipper of Sif Muna the Loreminder
  1973 | D:3      | Found a hide-covered altar of Uskayaw.
  2184 | D:3      | Reached skill level 4 in Spellcasting
  2184 | D:3      | Reached XP level 4. HP: 17/30 MP: 6/10
  2318 | D:3      | Found a shadowy altar of Dithmenos.
  2539 | D:4      | Learned a level 4 spell: Sticky Flame
  2539 | D:4      | Noticed an ogre
  2598 | D:4      | Noticed Ijyb
  2964 | D:4      | Killed Ijyb
  2965 | D:4      | Reached XP level 5. HP: 35/35 MP: 2/11
  3127 | D:4      | Killed an ogre
  3128 | D:4      | Reached * piety under Sif Muna
  3390 | D:4      | Reached skill level 5 in Spellcasting
  3390 | D:4      | Reached XP level 6. HP: 35/41 MP: 0/13
  3523 | D:4      | Noticed a troll
  3720 | D:4      | Found a bloodstained altar of Trog.
  3858 | D:4      | Identified Xocra's Disquisition on Illusion and Malediction
                  | (Sif Muna gifted it to you on level 4 of the Dungeon)
  3858 | D:4      | Received a gift from Sif Muna
  4064 | D:4      | Killed a troll
  4065 | D:4      | Reached ** piety under Sif Muna
  4065 | D:4      | Reached skill level 6 in Spellcasting
  4065 | D:4      | Reached XP level 7. HP: 46/46 MP: 9/16
  4464 | D:4      | Found a bloodstained altar of Trog.
  4875 | D:5      | Entered Level 5 of the Dungeon
  5716 | D:5      | Found an ornate altar of the Wu Jian Council.
  5916 | D:5      | Reached skill level 1 in Invocations
  6483 | D:5      | Reached XP level 8. HP: 48/52 MP: 11/18
  6488 | D:5      | Reached skill level 5 in Fire Magic
  6746 | D:5      | Found an ornate altar of the Wu Jian Council.
  7572 | D:6      | Got a twitching tin ring
  7573 | D:6      | Identified the cursed ring "Jiycexko" {+Fly rF+ MR-
                  | Stlth--} (You found it on level 6 of the Dungeon)
  7838 | D:6      | Slain by a bullfrog

Skill      XL: |  1  2  3  4  5  6  7  8 |
---------------+-------------------------+-----
Conjurations   | 1 2 3 4 |  4.3
Spellcasting   | 3 4 5 6 |  6.9
Fire Magic     | 3 4 5 |  5.0
Invocations    | 1 |  1.8
Dodging        | |  1.5
Stealth        | |  2.1

Action                   |  1- 3 |  4- 6 |  7- 9 || total
-------------------------+-------+-------+-------++-------
Melee: Dagger            |    12 |       |     3 ||    15
       Hunting sling     |       |       |     1 ||     1
 Fire: Hunting sling     |       |    79 |    22 ||   101
 Cast: Flame Tongue      |    97 |    21 |    46 ||   164
       Sticky Flame      |       |     4 |     3 ||     7
       Conjure Flame     |       |     5 |     3 ||     8
Evoke: Wand              |       |       |     1 ||     1
  Use: Scroll            |     1 |       |     5 ||     6
Armor: Robe              |     7 |     4 |     1 ||    12
       Ring mail         |       |       |    12 ||    12
Dodge: Dodged            |    20 |    36 |    27 ||    83
